 Dungeon Crawl Stone Soup version 0.25-a0-544-gee0576305d (webtiles) character file.

Game seed: 16549529632492325016, levelgen mode: classic

6728 EnegeticOcto the Cleaver (level 10, -2/144 HPs)
             Began as a Deep Dwarf Fighter on Feb 20, 2020.
             Was a Follower of Makhleb.
             Slain by a 17-headed hydra (7 damage)
             ... on level 9 of the Dungeon.
             The game lasted 00:04:09 (4207 turns).

EnegeticOcto the Cleaver (Deep Dwarf Fighter)       Turns: 4207, Time: 00:04:10

Health: -2/144     AC: 15    Str: 28    XL:     10   Next: 75%
Magic:  11/11      EV:  9    Int:  9    God:    Makhleb [*.....]
Gold:   60         SH: 11    Dex: 12    Spells: 9/9 levels left

rFire    + . .     SeeInvis .   B - +4 war axe
rCold    . . .     Gourm    .   c - +0 kite shield
rNeg     . . .     Faith    .   x - +0 plate armour
rPois    .         Spirit   .   (no helmet)
rElec    .         Reflect  .   (no cloak)
rCorr    .         Harm     .   d - +1 pair of gloves
MR       +....                  (no boots)
Stlth    ..........             (no amulet)
HPRegen  0.00/turn              w - ring of protection from fire
MPRegen  0.12/turn              (no ring)

@: berserking (expiring), non-regenerating, very quick
A: damage resistance, heal wounds, sense surroundings 2, no regeneration
a: Heal Wounds, Renounce Religion


You were on level 9 of the Dungeon.
You worshipped Makhleb.
Makhleb was aware of your devotion.
You were not hungry.

You visited 2 branches of the dungeon, and saw 10 of its levels.
You also visited: Sewer.

You collected 396 gold pieces.
You spent 336 gold pieces at shops.

Inventory:

Hand Weapons
 B - a +4 war axe (weapon)
Armour
 c - a +0 kite shield (worn)
 d - a +1 pair of gloves (worn)
 x - a +0 plate armour (worn)
Jewellery
 w - a ring of protection from fire (left hand)
Wands
 l - a wand of flame (30)
 n - a wand of enslavement (3)
 t - a wand of disintegration (37)
 v - a wand of polymorph (23)
 A - a wand of digging (4) {@v2}
Scrolls
 a - a scroll of fear {unknown}
 g - 2 scrolls of fog
 p - a scroll of immolation {@r4}
 s - a scroll of teleportation {@r2}
 y - 3 scrolls of enchant armour
 C - a scroll of remove curse {@r6}
 D - a scroll of amnesia {unknown}
 E - a scroll of enchant weapon {unknown}
Potions
 b - a potion of magic
 f - 6 potions of heal wounds {@q2}
 h - 4 potions of curing {@q1}
 i - a potion of lignification {@q7}
 j - 2 potions of stabbing {@q5}
 k - 2 potions of might {@q3}
 m - a potion of resistance {@q6}
 o - 2 potions of flight
 q - a potion of degeneration {unknown}
 r - 4 potions of haste {@q4}
 z - 2 potions of berserk rage
Comestibles
 e - 14 rations
 u - 25 chunks of flesh


   Skills:
 * Level 8.2 Fighting
 * Level 9.5 Axes
 + Level 7.2 Armour
 + Level 6.3 Dodging
 + Level 7.4 Shields
 * Level 6.2 Invocations


You had 9 spell levels left.
You didn't know any spells.
Your spell library was empty.

Dungeon Overview and Level Annotations

Branches:
Dungeon (9/15)             Temple (1/1) D:7           Sewer (visited)
   Lair: D:8-11         Orc: D:9-12

Altars:
Ashenzari
Cheibriados
Dithmenos
Elyvilon
Fedhas
Gozag
Hepliaklqana
Kikubaaqudgha
Makhleb
Nemelex Xobeh
Ru
Sif Muna
Trog
Uskayaw
Vehumet
Zin
The Shining One

Shops:
D:6 }   D:7 !

Annotations:
D:8 exclusions: obsidian statue and orange crystal statue


Innate Abilities, Weirdness & Mutations

You are resistant to damage.
You can heal yourself by infusing magical energy.
You passively map the area around you.
You do not regenerate.


Message History

The 11-headed hydra bites you.
The 11-headed hydra bites you but does no damage.
The 11-headed hydra bites you!
You hack one of the 11-headed hydra's heads off!
The ten-headed hydra grows two more!
You slash the 12-headed hydra!
The 12-headed hydra is moderately wounded.
You block the 12-headed hydra's attack.
The 12-headed hydra bites you but does no damage. x2
You block the 12-headed hydra's attack. The 12-headed hydra bites you.
You block the 12-headed hydra's attack. The 12-headed hydra closely misses you.
The 12-headed hydra bites you! The 12-headed hydra bites you. x2
The 12-headed hydra bites you but does no damage. x2
You lop one of the 12-headed hydra's heads off!
The 11-headed hydra grows two more!
You slice the 13-headed hydra!!
The 13-headed hydra is moderately wounded.
You lop one of the 13-headed hydra's heads off!
The 12-headed hydra grows two more!
You slash the 14-headed hydra!
The 14-headed hydra is moderately wounded.
The 14-headed hydra barely misses you. x2
The 14-headed hydra closely misses you.
The 14-headed hydra bites you but does no damage. x2
The 14-headed hydra barely misses you.
The 14-headed hydra bites you but does no damage.
You block the 14-headed hydra's attack.
The 14-headed hydra bites you but does no damage.
The 14-headed hydra bites you. You block the 14-headed hydra's attack.
The 14-headed hydra closely misses you.
The 14-headed hydra bites you but does no damage.
You block the 14-headed hydra's attack.
You hack one of the 14-headed hydra's heads off!
The 13-headed hydra grows two more!
You slash the 15-headed hydra!
The 15-headed hydra is moderately wounded.
The 15-headed hydra bites you!
The 15-headed hydra bites you but does no damage.
You block the 15-headed hydra's attack. x2
The 15-headed hydra bites you but does no damage.
The 15-headed hydra bites you!
The 15-headed hydra bites you but does no damage.
The 15-headed hydra bites you.
The 15-headed hydra bites you but does no damage.
The 15-headed hydra bites you!
The 15-headed hydra bites you but does no damage.
The 15-headed hydra completely misses you.
The 15-headed hydra bites you.
The 15-headed hydra bites you but does no damage.
The 15-headed hydra bites you.
You are too injured to fight recklessly!
You are too injured to fight recklessly!
You are too injured to fight recklessly!
You are too injured to fight recklessly!
You are too injured to fight recklessly!
You are too injured to fight recklessly!
You are too injured to fight recklessly!
You are too injured to fight recklessly!
You are too injured to fight recklessly!
You are too injured to fight recklessly!
You are too injured to fight recklessly!
You are too injured to fight recklessly!
You are too injured to fight recklessly!
You are too injured to fight recklessly!
You are too injured to fight recklessly!
You are too injured to fight recklessly!
You slice one of the 15-headed hydra's heads off!
The 14-headed hydra grows two more!
You slice the 16-headed hydra!!
The 16-headed hydra is heavily wounded.
You block the 16-headed hydra's attack.
The 16-headed hydra bites you but does no damage.
The 16-headed hydra bites you!
* * * LOW HITPOINT WARNING * * *
You block the 16-headed hydra's attack.
The 16-headed hydra bites you but does no damage.
The 16-headed hydra bites you.
* * * LOW HITPOINT WARNING * * *
The 16-headed hydra bites you but does no damage. x2
The 16-headed hydra bites you!
* * * LOW HITPOINT WARNING * * *
You block the 16-headed hydra's attack. The 16-headed hydra closely misses you.
The 16-headed hydra bites you.
* * * LOW HITPOINT WARNING * * *
The 16-headed hydra bites you!
* * * LOW HITPOINT WARNING * * *
You block the 16-headed hydra's attack. x2
The 16-headed hydra bites you but does no damage.
Your plate armour prevents you from hitting the 16-headed hydra.
The 16-headed hydra is heavily wounded.
You slice one of the 16-headed hydra's heads off!
The 15-headed hydra grows two more!
You slash the 17-headed hydra!
The 17-headed hydra is heavily wounded.
The 17-headed hydra barely misses you. The 17-headed hydra bites you.
The 17-headed hydra bites you but does no damage.
The 17-headed hydra bites you.
* * * LOW HITPOINT WARNING * * *
You block the 17-headed hydra's attack.
The 17-headed hydra closely misses you. x2
The 17-headed hydra bites you.
* * * LOW HITPOINT WARNING * * *
The 17-headed hydra bites you.
* * * LOW HITPOINT WARNING * * *
You block the 17-headed hydra's attack. The 17-headed hydra bites you.
The 17-headed hydra bites you!
You die...

#..........#
##.#.......
#.....######
#.#....... ###...##
#.######## #......#
*##*## ** #.##.#.# ≈
≈P.', * #.##.#.##
≈≈≈#,, #.##.#..##
###≈KP≈≈#* * #
#.##.....####Y#.....#
###
#.###....@DsKYK≈....'
,#.. #.#
#....####K#..P%.' ###
#.###...#######
%..%', # #..........#
...# ,* ##.##.####.#
##### # #.##.## #.#
#'######## #.##..#
#.# #........#
#.###.# #.#
#..#####.# #.#
#.###.######..#####.#


You could see a 17-headed hydra, 2 yaks, 3 big kobolds and a scorpion.

Vanquished Creatures
  A two-headed ogre (D:8)
  Pikel (D:5)
  A troll (D:9)
  2 dream sheep (D:9)
  Sigmund (D:6)
  A wyvern (D:5)
  Eustachio (D:6)
  A steam dragon (D:9)
  5 yaks (D:8)
  A hungry ghost (D:8)
  Edmund (D:5)
  Duvessa (D:7)
  3 ice beasts
  3 sky beasts
  An orc warrior (D:6)
  3 phantoms
  An eye of draining (D:3)
  4 centaurs
  5 ogres
  A big kobold (Sewer)
  2 bullfrogs
  Dowan (D:7)
  3 scorpions (D:6)
  A howler monkey (D:6)
  3 wights (D:8)
  3 crimson imps
  A bullfrog zombie (D:6)
  2 quasits
  4 hounds
  2 jellies
  3 orc priests
  A bullfrog skeleton (D:6)
  A centaur skeleton (D:4)
  5 orc wizards
  5 iguanas
  4 worker ants
  2 worker ant zombies
  8 adders
  A howler monkey skeleton (D:8)
  A river rat (Sewer)
  A shadow imp (D:5)
  An ooze (D:1)
  A dart slug (D:4)
  6 leopard geckos
  16 orcs
  A giant cockroach (D:6)
  3 goblins
  3 hobgoblins (D:1)
  13 jackals
  4 kobolds (Sewer)
  3 quokkas
  3 ball pythons
  2 bats
  3 frilled lizards
  A leopard gecko skeleton (D:4)
  2 leopard gecko zombies
  A quokka zombie (D:7)
  8 rats
163 creatures vanquished.

Vanquished Creatures (others)
  An orc wizard (D:4)
  An orc (D:5)
  A plant (D:9)
3 creatures vanquished.

Grand Total: 166 creatures vanquished

Notes
Turn   | Place    | Note
-------+----------+-------------------------------------------
     0 | D:1      | EnegeticOcto the Deep Dwarf Fighter began the quest for the
                  | Orb.
     0 | D:1      | Reached XP level 1. HP: 20/20 MP: 1/1
    70 | D:1      | Reached XP level 2. HP: 27/27 MP: 2/2
   411 | D:3      | Reached XP level 3. HP: 26/34 MP: 3/3
   418 | D:3      | Noticed an eye of draining
   420 | D:3      | Reached skill level 3 in Axes
   420 | D:3      | Reached skill level 1 in Dodging
   426 | D:3      | Killed an eye of draining
   426 | D:3      | Reached XP level 4. HP: 31/42 MP: 0/4
   426 | D:3      | Reached XP level 5. HP: 36/49 MP: 0/5
   524 | D:4      | Found a shadowy altar of Dithmenos.
   566 | D:4      | Found a glowing drain.
   580 | Sewer    | Entered a sewer
   674 | Sewer    | Reached skill level 4 in Axes
   674 | Sewer    | Reached XP level 6. HP: 44/57 MP: 6/6
   691 | Sewer    | Found a glowing silver altar of Zin.
   773 | D:4      | You fall into a shaft and drop 1 floor!
   773 | D:5      | Entered Level 5 of the Dungeon
   773 | D:5      | Noticed Edmund
   793 | D:5      | Killed Edmund
   808 | D:5      | Reached XP level 7. HP: 54/66 MP: 7/7
  1055 | D:4      | Reached skill level 5 in Axes
  1369 | D:5      | Noticed a wyvern
  1380 | D:5      | Killed a wyvern
  1380 | D:5      | Reached skill level 5 in Fighting
  1380 | D:5      | Reached skill level 5 in Armour
  1380 | D:5      | Reached skill level 5 in Shields
  1391 | D:5      | Reached XP level 8. HP: 58/74 MP: 7/7
  1410 | D:5      | Found a sparkling altar of Nemelex Xobeh.
  1493 | D:5      | Noticed Pikel
  1506 | D:5      | Reached skill level 6 in Axes
  1525 | D:5      | Killed Pikel
  1658 | D:6      | Reached skill level 7 in Axes
  1750 | D:6      | Noticed Sigmund
  1780 | D:6      | Killed Sigmund
  1780 | D:6      | Gained mutation: You passively map the area around you.
                  | [Deep Dwarf growth]
  1780 | D:6      | Reached XP level 9. HP: 84/85 MP: 8/8
  2002 | D:6      | Found a glowing golden altar of the Shining One.
  2083 | D:6      | Found Nukofeam's Gadget Boutique.
  2128 | D:6      | Noticed Eustachio
  2149 | D:6      | Killed Eustachio
  2149 | D:6      | Reached skill level 5 in Dodging
  2207 | D:7      | Found a staircase to the Ecumenical Temple.
  2226 | Temple   | Entered the Ecumenical Temple
  2270 | Temple   | Became a worshipper of Makhleb the Destroyer
  2406 | D:7      | Reached skill level 8 in Axes
  2431 | D:7      | Reached skill level 1 in Invocations
  2435 | D:7      | Noticed Dowan
  2442 | D:7      | Noticed Duvessa
  2454 | D:7      | Killed Dowan
  2476 | D:7      | Killed Duvessa
  2488 | D:7      | Found Usuig's Distillery.
  2531 | D:7      | Bought a potion of resistance for 140 gold pieces
  2531 | D:7      | Bought a potion of haste for 140 gold pieces
  2531 | D:7      | Bought a potion of might for 56 gold pieces
  2954 | D:8      | Found a hide-covered altar of Uskayaw.
  3009 | D:8      | Reached XP level 10. HP: 54/94 MP: 10/10
  3038 | D:8      | Reached * piety under Makhleb
  3059 | D:8      | Noticed an obsidian statue
  3253 | D:8      | Noticed an orange crystal statue
  3464 | D:8      | Reached skill level 9 in Axes
  3681 | D:8      | Noticed a two-headed ogre
  3698 | D:8      | Killed a two-headed ogre
  3698 | D:8      | Reached skill level 5 in Invocations
  4178 | D:9      | Noticed a three-headed hydra
  4207 | D:9      | HP: 5/144 [17-headed hydra (4)]
  4207 | D:9      | Slain by a 17-headed hydra

Levels and vault maps discovered:
D:1:      erik_arrival_blinker_ship, layout_basic
D:2:      layout_basic, overflow_temple_1_default, minitemple
D:3:      minmay_angry_zag, layout_loops_ring, uniq_jessica, uniq_grinder,
          uniq_robin
D:4:      layout_rooms, first_ration, portal_sewer_entry_a,
          nicolae_dithmenos_the_darkroom
D:5:      layout_rooms, nemelex_altar_shiori, uniq_edmund, uniq_pikel
D:6:      layout_rooms, kennysheep_mini, serial_shops, shop, uniq_eustachio,
          uniq_sigmund
D:7:      layout_loops_ring, minmay_temple_entry_mist, serial_shops, shop,
          uniq_duvessa
D:8:      minmay_separated_statues, layout_gridville, overflow_temple_1_default
D:9:      layout_loops_corners, hangedman_decor_slide_cut, hangedman_ranch
          [blue_anna_fruit_fields]
Temple:   nicolae_temple_god_jail

Skill      XL: |  1  2  3  4  5  6  7  8  9 10 |
---------------+-------------------------------+-----
Fighting       | 3 4 5 6 7 8 |  8.2
Axes           | 3 4 5 7 8 9 |  9.5
Dodging        | 1 2 3 4 5 6 |  6.3
Armour         | 4 5 6 7 |  7.2
Shields        | 4 5 6 7 |  7.4
Invocations    | 3 6 |  6.2

Action                   |  1- 3 |  4- 6 |  7- 9 | 10-12 || total
-------------------------+-------+-------+-------+-------++-------
Melee: War axe           |    60 |    85 |   437 |   217 ||   799
 Abil: Heal Wounds       |       |     3 |    14 |    10 ||    27
  Use: Scroll            |       |       |    15 |       ||    15
       Potion            |       |       |       |     1 ||     1
  Eat: Chunk             |       |       |     8 |     6 ||    14
Armor: Scale mail        |    24 |    56 |   112 |       ||   192
       Plate armour      |       |       |    99 |   153 ||   252
Dodge: Dodged            |    13 |    46 |   144 |    92 ||   295
Block: Kite shield       |    30 |    56 |   237 |   150 ||   473

Table legend:
 A = Non-vault XP
 B = Vault XP
 C = Vault XP percentage of total XP
 D = Non-vault monster count
 E = Vault monster count
 F = Vault count percentage of total count
                 A         B        C        D         E       F
            +---------+---------+-------+---------+---------+-------
      Total |    7439 |    2173 |  22.6 |     142 |      22 |  13.4
            +---------+---------+-------+---------+---------+-------
        D:1 |      17 |       0 |   0.0 |       7 |       0 |   0.0
        D:2 |      23 |       0 |   0.0 |       6 |       0 |   0.0
        D:3 |     168 |       0 |   0.0 |       5 |       0 |   0.0
        D:4 |     335 |       3 |   0.9 |      16 |       3 |  15.8
        D:5 |     758 |     868 |  53.4 |      16 |       2 |  11.1
        D:6 |     994 |     430 |  30.2 |      28 |       2 |   6.7
        D:7 |     865 |     219 |  20.2 |      19 |       2 |   9.5
        D:8 |    3429 |       0 |   0.0 |      31 |       0 |   0.0
        D:9 |     850 |     529 |  38.4 |      14 |       2 |  12.5
      Sewer |       0 |     124 | 100.0 |       0 |      11 | 100.0
            +---------+---------+-------+---------+---------+-------
